 Dungeon Crawl Stone Soup version 0.18.1-50-g88ac8fd (webtiles) character file.

242 go0n the Ruffian (level 6, -7/49 (51) HPs)
             Began as a Ghoul Gladiator on Sept 14, 2016.
             Engulfed by a cloud of flame (18 damage)
             ... on level 3 of the Dungeon.
             The game lasted 00:18:11 (2542 turns).

go0n the Ruffian (Ghoul Gladiator)                  Turns: 2542, Time: 00:18:12

HP:   -7/49 (51)    AC: 12    Str: 20    XL:     6   Next: 9%
MP:   5/5           EV: 11    Int:  3    God:
Gold: 105           SH:  0    Dex: 10    Spells: 0 memorised, 5 levels left

rFire  . . .     SeeInvis .     k - +3 dagger (speed)
rCold  + . .     Gourm    .     o - +0 scale mail
rNeg   + + +     Faith    .     (no shield)
rPois  ∞         Spirit   .     q - +2 hat
rElec  .         Dismiss  .     h - +2 cloak
rCorr  .         Reflect  .     i - +0 pair of gloves
SustAt .         Harm     .     (no boots)
MR     .....                    (no amulet)
Stlth  ..........               (no ring)
                                (no ring)

@: rotting, not resistant to hostile enchantments, extremely unstealthy
A: rotting body, claws 1, carnivore 3, cold resistance 1, negative energy
resistance 3, slow regeneration 1, torment resistance, unbreathing
a: no special abilities


You were on level 3 of the Dungeon.
You were not hungry.

You visited 1 branch of the dungeon, and saw 3 of its levels.

You collected 105 gold pieces.

Inventory:

Hand Weapons
 g - a +0 whip
 k - a +3 dagger of speed (weapon)
 t - a +0 falchion
 v - a +2 short sword of protection
Missiles
 c - 3 throwing nets
 s - 5 steel tomahawks (quivered)
Armour
 b - a +0 helmet
 h - a +2 cloak (worn)
 i - a +0 pair of gloves (worn)
 j - a +0 cloak
 l - a +2 robe of positive energy
 o - a +0 scale mail (worn)
 q - a +2 hat (worn)
Wands
 a - a wand of flame (9/48)
Scrolls
 p - 3 scrolls of identify
 u - a scroll of blinking {unknown}
 w - a scroll of magic mapping
Potions
 e - a potion of heal wounds
 m - 3 potions of haste {unknown}
 n - a potion of curing {unknown}
Comestibles
 d - a meat ration
 f - 4 bread rations


   Skills:
 - Level 3.0 Fighting
 * Level 2.5 Short Blades
 - Level 1.8 Throwing
 + Level 3.8 Dodging
 + Level 4.9 Unarmed Combat


You had 5 spell levels left.
You didn't know any spells.

Dungeon Overview and Level Annotations

Branches:
Dungeon (3/15)

Altars:
Zin


Innate Abilities, Weirdness & Mutations

Your body is rotting away.
You thrive on raw meat.
You are immune to poison.
You have sharp fingernails.
You are carnivorous and can eat meat at any time.
Your flesh is cold resistant.
You are immune to negative energy.
You regenerate slowly when monsters are visible.
You are immune to unholy pain and torment.
You can survive without breathing.


Message History

You kill the rat!
You see here a giant gecko corpse.
You hit the plant but do no damage. You hit the plant but do no damage.
You see here a giant gecko corpse.
You see here a giant gecko corpse.
Really walk into that cloud of flame?
Uppercase [Y]es or [N]o only, please.
Really walk into that cloud of flame?
Really walk into a travel-excluded area?
You are engulfed in roaring flames.
Really walk into that cloud of flame?
Okay, then.
Really walk into that cloud of flame?
Really walk into a travel-excluded area?
You are engulfed in roaring flames.
You are engulfed in roaring flames.
* * * LOW HITPOINT WARNING * * *
You are engulfed in roaring flames.
You die... #..# #.#.# ##.# #..# #.#.# #.# #####..# #.(.# #.# ...#..# ###.### #.# ####.#..### ♣PP(PP♣

#.# ..........###P÷).## #.#
####......#♣P.....#♣######.#
#......#♣.......♣#......# .
#...####♣...@..≈♣######## .
#...# #P....§..♣ . #...#
#PP..÷..P# .# #...#
#♣PP.÷..P♣ .####...#
#♣PP###†P# ....#...#
#PPP..†PP# ........#
##PP...##♣ ....##..#


#PPP.PP♣ .)......# #♣♣P#### There were no monsters in sight!

Vanquished Creatures
  The ghost of appiemonkey the Sneak, an amateur SpAs (D:3)
  2 orc priests (D:3)
  Jessica (D:2)
  3 adders
  An ooze (D:2)
  A worm (D:3)
  A dart slug (D:1)
  4 giant geckos
  3 orcs (D:3)
  9 bats
  2 giant cockroaches
  3 goblins (D:1)
  8 hobgoblins
  11 kobolds
  A quokka (D:3)
  2 ball pythons (D:2)
  A jackal skeleton (D:3)
  2 rats
  2 plants (D:3)
58 creatures vanquished.

Notes
Turn   | Place    | Note
--------------------------------------------------------------
     0 | D:1      | go0n the Ghoul Gladiator began the quest for the Orb.
     0 | D:1      | Reached XP level 1. HP: 17/17 MP: 0/0
   236 | D:1      | Reached XP level 2. HP: 17/24 MP: 1/1
   735 | D:2      | Noticed Jessica
   765 | D:2      | Killed Jessica
   765 | D:2      | Reached skill level 4 in Unarmed Combat
   765 | D:2      | Reached XP level 3. HP: 17/29 MP: 2/2
   905 | D:2      | Reached XP level 4. HP: 38/38 MP: 3/3
  1750 | D:3      | Reached skill level 1 in Short Blades
  1778 | D:3      | Noticed appiemonkey's ghost (amateur SpAs)
  1821 | D:3      | Killed appiemonkey's ghost
  1821 | D:3      | Reached XP level 5. HP: 42/44 MP: 4/4
  1930 | D:3      | Found a glowing silver altar of Zin.
  2149 | D:3      | Reached XP level 6. HP: 21/50 MP: 5/5
  2542 | D:3      | Engulfed by a cloud of flame

Skill      XL: |  1  2  3  4  5 |
---------------+----------------+-----
Dodging        | 3 |  3.8
Unarmed Combat | 4 |  4.9
Fighting       | 3 |  3.0
Short Blades   | 1 2 |  2.5
Throwing       | |  1.8

Action                   |  1- 3 |  4- 6 || total
-------------------------+-------+-------++-------
Melee: Unarmed           |    74 |     2 ||    76
       Dagger            |       |   299 ||   299
       Punch             |       |     7 ||     7
Evoke: Wand              |       |     5 ||     5
  Use: Scroll            |       |     5 ||     5
  Eat: Chunk             |     8 |    20 ||    28
Armor: Leather armour    |     4 |       ||     4
       Ring mail         |    29 |     3 ||    32
       Scale mail        |       |    73 ||    73
       Robe              |       |    12 ||    12
Dodge: Dodged            |    54 |   123 ||   177
